 Dungeon Crawl Stone Soup version 0.30-a0-738-g116ff8c4af (webtiles) character file.

Game seed: 3545002674646922301

32 Leeroy the Slasher (level 3, 0/18 HPs)
             Began as a Vine Stalker Warper on Feb 3, 2023.
             Succumbed to an adder's poison
             ... on level 2 of the Dungeon.
             The game lasted 00:01:54 (1397 turns).

Leeroy the Slasher (Vine Stalker Warper)            Turns: 1397, Time: 00:01:54

Health: 0/18       AC:  3    Str: 13    XL:     3   Next: 25%
Magic:  6/7        EV: 11    Int: 13    God:
Gold:   112        SH:  0    Dex: 15    Spells: 6/6 levels left

rFire   . . .      SeeInvis .    a - +0 falchion
rCold   . . .      Faith    .    (no shield)
rNeg    . . .      Spirit   +    b - +0 leather armour
rPois   .          Reflect  .    (no helmet)
rElec   .          Harm     .    (no cloak)
rCorr   .          Rampage  .    (no gloves)
Will    .....                    (no boots)
Stlth   +                        (no amulet)
HPRegen 0.23/turn                (no ring)
MPRegen 0.10/turn                (no ring)

@: lethally poisoned (0 -> -6)
A: fangs 2, magic shield, antimagic bite, no potion heal 2
a: no special abilities


You were on level 2 of the Dungeon.
You visited 1 branch of the dungeon, and saw 2 of its levels.

You collected 112 gold pieces.

Inventory:

Hand Weapons
 a - a +0 falchion (weapon)
Missiles
 d - 7 boomerangs of dispersal (quivered)
 o - 6 poisoned darts
Armour
 b - a +0 leather armour (worn)
Scrolls
 c - 2 scrolls of blinking
 g - a scroll of teleportation {unknown}
 h - a scroll of identify {unknown}
 i - a scroll of noise {unknown}
 j - a scroll of silence {unknown}
 k - a scroll of enchant armour {unknown}
 l - 2 scrolls of magic mapping {unknown}
 p - 2 scrolls of fog {unknown}
Potions
 e - 2 potions of might {unknown}
 f - a potion of flight {unknown}
 m - 2 potions of curing {unknown}
 n - 2 potions of lignification {unknown}
 q - a potion of heal wounds {unknown}


   Skills:
 - Level 1.7 Fighting
 + Level 3.2 Long Blades
 - Level 0.8 Throwing
 - Level 0.7 Armour
 - Level 1.5 Dodging
 - Level 2.1 Spellcasting
 - Level 3.0 Translocations


You had 6 spell levels left.
You didn't know any spells.
Your spell library contained the following spells:

 Spells                   Type           Power      Damage    Failure   Level
 Blink                    Tloc           18%        N/A       14%         2
 Lesser Beckoning         Tloc           18%        N/A       14%         2
 Teleport Other           Tloc           9%         N/A       28%         3
 Vhi's Electric Charge    Tloc/Air       10%        N/A       45%         3
 Manifold Assault         Tloc           9%         N/A       67%         4


Dungeon Overview and Level Annotations

Branches:
Dungeon (2/15)

Altars:
Ashenzari


Innate Abilities, Weirdness & Mutations

You have extremely sharp teeth.
When hurt, damage is shared between your health and your magic reserves.
Your bite disrupts and absorbs the magic of your enemies.
Potions cannot restore your health.


Message History

The adder bites you.
You are poisoned.
The adder poisons you!
Found an amethyst potion and a spear.
You feel sick.
The ball python hisses angrily.
The giant cockroach bites you but does no damage.
The adder closely misses you. The rat bites you but does no damage.
The giant cockroach closely misses you. The adder bites you but does no damage.
You barely miss the giant cockroach. Your bite misses the giant cockroach.
You feel sick. The ball python misses you. The ball python grabs you.
The ball python constricts you. The adder completely misses you.
The rat barely misses you. The giant cockroach closely misses you.
You escape the ball python's grasp.
The rat attacks as you move away! The rat closely misses you.
You feel sick. The adder bites you but does no damage.
The giant cockroach attacks as you move away!
The giant cockroach bites you.
The ball python attacks as you move away!
The ball python bites you but does no damage.
The ball python closely misses you.
You feel sick. The adder bites you.
You completely miss the adder.
You feel sick.
You hit the ball python.
You kill the ball python!
You feel sick.
You are no longer poisoned.
The adder closely misses you. The adder barely misses you.
You closely miss the rat. You bite the rat.
You kill the rat!
The adder bites you.
* * * LOW HITPOINT WARNING * * *
You miss the adder. The giant cockroach barely misses you.
The adder completely misses you. The giant cockroach barely misses you.
The adder bites you.
* * * LOW HITPOINT WARNING * * *
You are lethally poisoned!
The adder poisons you!
You hit the adder. You bite the adder. You drain its power.
You feel invigorated.
The adder is heavily wounded.
You die...

.####.# #..###..# #.#
.# #.#
###.##!##.###.## .#
#.#####....#.#....#..#
##
#.#.....#.##.##.#..#.#
#.#.#..####...####...#
#.#.#.##)...=...!##..#
#......####.w.####...#
####....#.##B##.#..###
##......S@#....##
##..#.##)##.###
##.#..###..#
#.##..#..## #..##...##
##.....## #######


You could see a worm, an adder and a giant cockroach.

Vanquished Creatures
  4 endoplasms
  2 giant cockroaches (D:1)
  2 goblins (D:1)
  4 hobgoblins
  3 kobolds
  2 quokkas (D:1)
  5 ball pythons
  3 bats
  A frilled lizard (D:1)
  4 rats
30 creatures vanquished.

Notes
Turn   | Place    | Note
-------+----------+-------------------------------------------
     0 | D:1      | Leeroy the Vine Stalker Warper began the quest for the Orb.
     0 | D:1      | Reached XP level 1. HP: 11/11 MP: 4/4
   193 | D:1      | Reached XP level 2. HP: 15/15 MP: 6/6
   918 | D:2      | Found a broken altar of Ashenzari.
   946 | D:2      | Reached XP level 3. HP: 18/18 MP: 7/7
  1397 | D:2      | Succumbed to an adder's poison

Illustrated notes

Levels and vault maps discovered:
D:1:      eino_arrival_water_star, layout_basic, minmay_tripent
D:2:      layout_rooms, serial_rivers, chequers_serial_rivers_micro_a,
          chequers_serial_rivers_micro_e, chequers_serial_rivers_marsh,
          chequers_serial_rivers_room_b, chequers_serial_rivers_small_3,
          basic_altar, minmay_fractal_squares_gapless_5

Skill      XL: |  1  2 |
---------------+-------+-----
Long Blades    | 2 3 |  3.2
Fighting       | |  1.7
Throwing       | |  0.8
Armour         | |  0.7
Dodging        | |  1.5
Spellcasting   | |  2.1
Translocations | |  3.0

Action                     || total
---------------------------++-------
  Melee: Falchion          ||    70
         Bite              ||    16
 Armour: Leather armour    ||    21
  Dodge: Dodged            ||    49

Table legend: (Time is in decaauts)
 A = Elapsed time spent in this place.
 B = Non-inter-level travel time spent in this place.
 C = Inter-level travel time spent in this place.
 D = Time resting spent in this place.
 E = Time spent auto-exploring this place.
 F = Levels seen in this place.
 G = Mean time per level.
                   A        B        C        D        E       F      G
               +--------+--------+--------+--------+--------+-----+--------+
         Total |   1416 |   1389 |     27 |      0 |   1186 |   2 |  708.0 |
       Dungeon |   1416 |   1389 |     27 |      0 |   1186 |   2 |  708.0 |
               +--------+--------+--------+--------+--------+-----+--------+

Top non-repeatable levels by time:
     D:1: 794 daAuts
     D:2: 621 daAuts
